 Dungeon Crawl Stone Soup version 0.31-a0-150-g89dc3ad700 (webtiles) character file.

Game seed: 3459295860785517668

336 qw the Shooter (level 6, 0/37 HPs)
             Began as a Gargoyle Hunter on June 8, 2023.
             Slain by an ogre
             ... wielding a +0 giant spiked club
              (8 damage)
             ... on level 5 of the Dungeon.
             The game lasted 00:00:58 (2906 turns).

qw the Shooter (Gargoyle Hunter)                    Turns: 2906, Time: 00:00:59

Health: 0/37       AC:  9    Str: 15    XL:     6   Next: 54%
Magic:  6/6        EV: 11    Int:  9    God:
Gold:   67         SH:  0    Dex: 20    Spells: 5/5 levels left

rFire   . . .        Y - +1 shortbow
rCold   . . .        (shield currently unavailable)
rNeg    + . .        i - +0 ring mail
rPois   inf          (no helmet)
rElec   +            (no cloak)
rCorr   .            (no gloves)
SInv    .            (no boots)
Will    +....        (no amulet)
Stlth   +            a - ring "Gyfalaev" {rC- Will+ Dex+5}
HPRegen 0.26/turn    c - ring of protection from cold
MPRegen 0.10/turn

%: no passive effects
@: no status effects
A: sickness immunity, AC +4, negative energy resistance 1, electricity
resistance, torment resistance 1, petrification resistance
a: no special abilities


You were on level 5 of the Dungeon.
You visited 1 branch of the dungeon, and saw 4 of its levels.

You collected 196 gold pieces.
You spent 129 gold pieces at shops.


Innate Abilities, Weirdness & Mutations

You are immune to sickness and miasma.
Your stone body is resilient. (AC +4)
You are immune to poison.
You resist negative energy. (rN+)
You are resistant to electric shocks. (rElec)
You are resistant to unholy torment.
You are immune to petrification.


   Skills:
 + Level 3.4 Fighting
 - Level 7.0 Ranged Weapons
 - Level 1.1 Armour
 - Level 1.5 Dodging
 - Level 1.1 Stealth


You had 5 spell levels left.
You didn't know any spells.
Your spell library was empty.

Inventory:

Hand Weapons
 Y - a +1 shortbow (weapon)
Armour
 i - a +0 ring mail (worn)
Jewellery
 a - the ring "Gyfalaev" (left hand) {rC- Will+ Dex+5}
   (You took it off a goblin on level 2 of the Dungeon)

   [ring of willpower]

   Dex:       It affects your dexterity (+5).
   rC:        It makes you vulnerable to cold.
   Will:      It increases your willpower.
 c - a ring of protection from cold (right hand)
Scrolls
 b - 2 scrolls of brand weapon {unknown}
 f - 3 scrolls of identify
Potions
 d - a potion of resistance
 e - a potion of invisibility {unknown}
 g - a potion of lignification {unknown}

Dungeon Overview and Level Annotations

Branches:
Dungeon (5/15)
 Temple: D:4-7

Altars:

Shops:
D:2 *

Annotations:
D:5 3 runed translucent doors, qw's ghost, novice GrFi


Message History

The hound bites you. The hound bites you but does no damage.
You shoot an arrow. The arrow hits the hound.
You kill the hound!
You start resting.
HP restored.
Found 3 stones.
Qw's ghost turns its malevolent gaze towards you.
The vampire mosquito buzzes angrily.
Found a book of Changes.
The howler monkey howls!
Enter note:
Found 4 stones.
You now have 67 gold pieces (gained 16).
An ogre comes into view. It is wielding a +0 giant spiked club.
Found a stone staircase leading up.
The ogre shouts!
Enter note:
Enter note: You shoot an arrow.
The arrow barely misses the ogre.
You shoot an arrow. The arrow hits the ogre.
The ogre is lightly wounded.
You shoot an arrow.
The arrow hits the ogre but does no damage.
The ogre is lightly wounded.
You shoot an arrow.
The arrow hits the ogre but does no damage.
The ogre is lightly wounded.
The ogre hits you with a +0 giant spiked club!
You shoot an arrow. The arrow hits the ogre.
The ogre is lightly wounded.
The ogre completely misses you.
You shoot an arrow. The arrow hits the ogre.
The ogre is moderately wounded.
You shoot an arrow. The arrow hits the ogre!
The ogre is heavily wounded.
The ogre hits you with a +0 giant spiked club!!
You shoot an arrow. The arrow hits the ogre.
The ogre is severely wounded.
The ogre hits you with a +0 giant spiked club!
You die...

.. .# #. #.##
##.....<# #.. ...
#..... ##.#.# #..O.#
#.@# #..# #..#
#..#######
#......... ....#...#
.#.########
(:..#...##.#.#
..#.#..#...##.#.####
.#...#W#...#.......#


You could see an ogre.

Vanquished Creatures
  Grinder (D:3)
  A hound (D:5)
  3 gnolls (D:2)
  An adder (D:3)
  2 dart slugs
  9 endoplasms
  4 giant cockroaches
  8 goblins
  9 hobgoblins
  8 jackals
  3 quokkas (D:2)
  5 ball pythons
  4 bats
  3 frilled lizards
  6 kobolds
  4 rats
71 creatures vanquished.

Notes
Turn   | Place    | Note
-------+----------+-------------------------------------------
     0 | D:1      | qw the Gargoyle Hunter began the quest for the Orb.
     0 | D:1      | Reached XP level 1. HP: 12/12 MP: 1/1
     0 | D:1      | 0 ||| qw: Version: 0.2-a-119-g7aa9181
     0 | D:1      | 0 ||| qw: Game counter: 2864
     0 | D:1      | 0 ||| qw: Always use a shield: true
     0 | D:1      | 0 ||| qw: God list: Okawaru
     0 | D:1      | 0 ||| qw: Allow faded altars: false
     0 | D:1      | 0 ||| qw: Do Orc after D:15 true
     0 | D:1      | 0 ||| qw: Do second Lair branch before Depths: true
     0 | D:1      | 0 ||| qw: Lair rune preference: random
     0 | D:1      | 0 ||| qw: Plans: Normal
     0 | D:1      | 0 ||| PLANNING D:1-11
    75 | D:1      | Reached XP level 2. HP: 17/17 MP: 2/2
   488 | D:1      | Reached XP level 3. HP: 21/21 MP: 3/3
   730 | D:1      | Reached skill level 5 in Ranged Weapons
   951 | D:1      | 951 ||| UPGRADING to +0 ring mail.
   961 | D:1      | 961 ||| DROPPING +0 leather armour.
   962 | D:1      | 962 ||| READING scroll labelled ESCHUH GAGOUNA.
   963 | D:1      | 963 ||| READING 3 scrolls labelled VEL ATSYJI.
   964 | D:1      | 964 ||| READING scroll labelled QEC ZY VADGHEEDO.
   965 | D:1      | 965 ||| READING scroll labelled QIRUTT MALON.
   966 | D:1      | 966 ||| READING scroll labelled NEPUPI SIBIME.
   967 | D:1      | 967 ||| READING 2 scrolls of identify.
   967 | D:1      | 967 ||| IDENTIFYING inky potion
   968 | D:1      | 968 ||| DROPPING scroll of butterflies.
  1104 | D:2      | Reached skill level 1 in Armour
  1106 | D:2      | HP: 3/21 [gnoll/+0 flail (4)]
  1113 | D:2      | Reached XP level 4. HP: 5/27 MP: 4/4
  1235 | D:2      | Reached skill level 3 in Fighting
  1249 | D:2      | Identified the ring "Gyfalaev" {rC- Will+ Dex+5}
  1704 | D:2      | Found Curif's Assorted Antiques.
  1709 | D:2      | 1709 ||| BUYING fizzy sapphire potion (24 gold).
  1709 | D:2      | Bought a fizzy sapphire potion for 24 gold pieces
  1709 | D:2      | 1709 ||| BUYING fuming sapphire potion (24 gold).
  1709 | D:2      | Bought a fuming sapphire potion for 24 gold pieces
  1709 | D:2      | 1709 ||| BUYING scroll labelled KASELYBRAU (27 gold).
  1709 | D:2      | Bought a scroll labelled KASELYBRAU for 27 gold pieces
  1709 | D:2      | 1709 ||| BUYING scroll labelled LUVIDA TEQA (27 gold).
  1709 | D:2      | Bought a scroll labelled LUVIDA TEQA for 27 gold pieces
  1709 | D:2      | 1709 ||| BUYING scroll labelled OMIFEEH URUE (27 gold).
  1709 | D:2      | Bought a scroll labelled OMIFEEH URUE for 27 gold pieces
  1886 | D:2      | 1886 ||| UPGRADING to ring "Gyfalaev" {rC- Will+ Dex+5}.
  1887 | D:2      | 1887 ||| UPGRADING to ring of protection from cold.
  1888 | D:2      | 1888 ||| READING scroll labelled KASELYBRAU.
  1989 | D:2      | 1989 ||| READING scroll labelled LUVIDA TEQA.
  1990 | D:2      | 1990 ||| READING scroll labelled OMIFEEH URUE.
  1991 | D:2      | 1991 ||| READING scroll labelled QENE POCOKOUTY.
  1992 | D:2      | 1992 ||| DRINKING 2 silvery potions.
  2096 | D:2      | 2096 ||| READING 3 scrolls of identify.
  2096 | D:2      | 2096 ||| IDENTIFYING dark potion
  2097 | D:2      | 2097 ||| READING 2 scrolls of identify.
  2097 | D:2      | 2097 ||| IDENTIFYING fizzy sapphire potion
  2098 | D:2      | 2098 ||| DROPPING potion of ambrosia.
  2099 | D:2      | 2099 ||| DROPPING potion of enlightenment.
  2100 | D:2      | 2100 ||| DROPPING potion of berserk rage.
  2351 | D:3      | 2351 ||| DROPPING +1 heavy sling.
  2400 | D:3      | Noticed Grinder
  2407 | D:3      | Paralysed by Grinder for 3 turns
  2410 | D:3      | HP: 7/28 [Grinder (4)]
  2412 | D:3      | Killed Grinder
  2413 | D:3      | Reached skill level 7 in Ranged Weapons
  2413 | D:3      | Reached XP level 5. HP: 9/32 MP: 5/5
  2413 | D:3      | Reached XP level 6. HP: 10/37 MP: 6/6
  2747 | D:3      | You fall into a shaft and drop 2 floors!
  2747 | D:5      | Entered Level 5 of the Dungeon
  2849 | D:5      | Found a runed translucent gate.
  2850 | D:5      | Found a runed translucent gate.
  2850 | D:5      | Found a runed translucent gate.
  2853 | D:5      | Noticed qw's ghost (novice GrFi)
  2853 | D:5      | Noticed a vampire mosquito
  2905 | D:5      | HP: 8/37 [ogre/+0 giant spiked club (18)]
  2906 | D:5      | Slain by an ogre

Levels and vault maps discovered:
D:1:      lightli_arrival_flooded_house, layout_basic
D:2:      layout_loops_ring, serial_shops, nicolae_shop_hallway_plus,
          chequers_serial_rivers_small_a, minmay_divided_ellipse
D:3:      layout_basic, hangedman_decor_diamond_cutter, uniq_grinder
D:5:      layout_loops_ring, mainiacjoe_overflow_concentric_impassable,
          mainiacjoe_overflow_small_starburst, gammafunk_ghost_split

Skill      XL: |  1  2  3  4 |
---------------+-------------+-----
Ranged Weapons | 5 7 |  7.0
Armour         | 1 |  1.1
Fighting       | 3 |  3.4
Dodging        | |  1.5
Stealth        | |  1.1

Action                     |  1- 3 |  4- 6 || total
---------------------------+-------+-------++-------
   Fire: Shortbow          |    93 |   137 ||   230
    Use: Scroll            |     6 |     6 ||    12
         Potion            |       |     1 ||     1
 Armour: Leather armour    |    11 |       ||    11
         Ring mail         |     4 |    38 ||    42
  Dodge: Dodged            |    29 |    45 ||    74

Table legend:
 A = Non-vault XP
 B = Vault XP
 C = Vault XP percentage of total XP
 D = Non-vault monster count
 E = Vault monster count
 F = Vault count percentage of total count
                 A         B        C        D         E       F
            +---------+---------+-------+---------+---------+-------
      Total |     190 |     290 |  60.4 |      57 |      14 |  19.7
            +---------+---------+-------+---------+---------+-------
        D:1 |      39 |       0 |   0.0 |      24 |       0 |   0.0
        D:2 |      79 |      23 |  22.5 |      22 |      13 |  37.1
        D:3 |      29 |     267 |  90.2 |      10 |       1 |   9.1
        D:5 |      43 |       0 |   0.0 |       1 |       0 |   0.0
            +---------+---------+-------+---------+---------+-------
